 Dungeon Crawl Stone Soup version 0.23-a0-391-g8c51ad5 (webtiles) character file.

265 BingusPrime the Insei (level 5, 0/40 HPs)
             Began as a Draconian Transmuter on Oct 30, 2018.
             Slain by a wight
             ... wielding a +5 morningstar
              (7 damage)
             ... on level 3 of the Dungeon.
             The game lasted 00:11:09 (3141 turns).

BingusPrime the Insei (Draconian Transmuter)        Turns: 3141, Time: 00:11:11

Health: 0/40       AC:  5    Str: 12    XL:     5   Next: 99%
Magic:  2/9        EV: 12    Int: 13    God:
Gold:   151        SH:  0    Dex: 13    Spells: 6/9 levels left

rFire    . . .     SeeInvis .     - Unarmed
rCold    . . .     Gourm    .   (no shield)
rNeg     . . .     Faith    .   (armour unavailable)
rPois    .         Spirit   .   (helmet restricted)
rElec    .         Reflect  .   (no cloak)
rCorr    .         Harm     .   (no gloves)
MR       .....                  (boots currently unavailable)
Stlth    +.........             (no amulet)
HPRegen  0.13/turn              (no ring)
MPRegen  0.11/turn              (no ring)

@: appendage, very slightly contaminated, heavily drained
A: unfitting armour, talons 3, blink, blurry vision 1, cold-blooded, AC +5
a: End Transformation, Blink


You were on level 3 of the Dungeon.
You were near starving.
You had grown temporary talons.
You visited 1 branch of the dungeon, and saw 3 of its levels.

You collected 151 gold pieces.

Inventory:

Missiles
 o - 4 tomahawks (quivered)
Scrolls
 b - 3 scrolls of random uselessness {unknown}
 d - 2 scrolls of identify {unknown}
 e - 3 scrolls of enchant weapon {unknown}
 i - 3 scrolls of teleportation {unknown}
 j - a scroll of blinking {unknown}
 k - 2 scrolls of fog {unknown}
 m - a scroll of amnesia {unknown}
 n - a scroll of remove curse {unknown}
Potions
 f - a potion of mutation
 h - a potion of lignification {unknown}
 l - a potion of heal wounds {unknown}
Comestibles
 c - 4 rations


   Skills:
 + Level 1.2(0.0) Fighting
 + Level 2.3(1.0) Dodging
 + Level 0.5(0.0) Stealth
 * Level 5.4(4.0) Unarmed Combat
 + Level 2.9(1.6) Spellcasting
 + Level 3.0(1.7) Transmutations


You had 6 spell levels left.
You knew the following spells:

 Your Spells              Type           Power        Failure   Level  Hunger
a - Beastly Appendage     Tmut           #.....       13%         1    ##.....
b - Sticks to Snakes      Tmut           #.......     21%         2    ###....

Your spell library contained the following spells:

 Spells                   Type           Power        Failure   Level  Hunger
 Spider Form              Tmut/Pois      #.........   50%         3    ####...
 Ice Form                 Ice/Tmut       #.......     88%         4    #####..
 Blade Hands              Tmut           #.........   98%         5    ######.


Dungeon Overview and Level Annotations

Branches:
Dungeon (3/15)

Altars:


Innate Abilities, Weirdness & Mutations

Your plain brown scales are hard. (AC +5)
You cannot fit into any form of body armour.
You are cold-blooded and may be slowed by cold attacks.
You have claws for feet.
You can translocate small distances at will.
Scrolls take you a little longer to read.


Message History

Your adder bites the wight but does no damage.
The wight barely misses you.
You closely miss the wight.
The wight is lightly damaged.
Your adder barely misses the wight.
Your adder bites the wight but does no damage.
You barely miss the wight.
The wight is lightly damaged.
The wight barely misses you.
Your adder barely misses the wight.
You closely miss the wight. Your kick misses the wight.
The wight is lightly damaged.
The wight hits you with a +5 morningstar.
Your adder closely misses the wight.
You hit the wight but do no damage.
The wight is lightly damaged.
Your adder bites the wight but does no damage.
The wight hits you with a +5 morningstar!!
* * * LOW HITPOINT WARNING * * *
You feel drained.
You die...

#.#############..# #.#
#.#.....#
.................###.#
#.#######
...............(....(# #.#
#.###.#########..########.#
#.###.## ##.......##.#
#.##.#.## #.#####.##.
#.#.###.########.#####.##
#..## ##.....[Sz.........
###.###.)#######@########
##.#.#)#######S#
##.)..........#
##############


You could see a wight, a friendly adder and a friendly ball python.

Vanquished Creatures
  A wight (D:3)
  An orc priest (D:3)
  Natasha (twice) (D:2)
  An orc wizard (D:3)
  6 adders (D:2)
  An ooze (D:1)
  A worm (D:2)
  2 dart slugs (D:1)
  2 orcs (D:3)
  2 giant cockroaches (D:1)
  3 goblins
  6 hobgoblins
  4 jackals (D:2)
  2 quokkas (D:2)
  6 bats
  5 frilled lizards
  6 kobolds
  6 rats
57 creatures vanquished.

Vanquished Creatures (collateral kills)
  A kobold (D:3)
1 creature vanquished.

Grand Total: 58 creatures vanquished

Notes
Turn   | Place    | Note
-------+----------+-------------------------------------------
     0 | D:1      | BingusPrime the Draconian Transmuter began the quest for
                  | the Orb.
     0 | D:1      | Reached XP level 1. HP: 16/16 MP: 3/3
   349 | D:1      | Reached XP level 2. HP: 23/23 MP: 3/5
  1170 | D:2      | Reached XP level 3. HP: 27/28 MP: 4/6
  1177 | D:2      | Reached skill level 4 in Unarmed Combat
  1189 | D:2      | Learned a level 2 spell: Sticks to Snakes
  1440 | D:2      | Reached XP level 4. HP: 32/35 MP: 5/7
  2125 | D:2      | Noticed Natasha
  2155 | D:2      | Killed Natasha
  2287 | D:2      | Noticed Natasha
  2296 | D:2      | Killed Natasha
  2296 | D:2      | Reached skill level 5 in Unarmed Combat
  2296 | D:2      | Reached XP level 5. HP: 27/40 MP: 4/8
  2897 | D:3      | Gained mutation: Scrolls take you a little longer to read.
                  | [potion of mutation]
  2897 | D:3      | Gained mutation: You can translocate small distances at
                  | will. [potion of mutation]
  2897 | D:3      | HP: 1/40 [wight/+2 short sword (8)]
  3141 | D:3      | Slain by a wight

Vault maps used:
D:1:      dpeg_arrival_boxes_within_box
D:2:      uniq_natasha
D:3:      ebering_ghost_disaster_area, uniq_sigmund, uniq_robin, uniq_jessica

Skill      XL: |  1  2  3  4  5 |
---------------+----------------+-----
Unarmed Combat | 4 5 |  5.4
Dodging        | 2 |  2.3
Transmutations | 3 |  3.0
Fighting       | |  1.2
Stealth        | |  0.5
Spellcasting   | |  2.9

Action                   |  1- 3 |  4- 6 || total
-------------------------+-------+-------++-------
Melee: Unarmed           |   103 |   126 ||   229
       Kick              |     9 |    12 ||    21
       Tailslap          |     2 |    11 ||    13
       Headbutt          |     3 |     6 ||     9
       Punch             |     1 |       ||     1
 Cast: Beastly Appendage |    16 |    21 ||    37
       Sticks to Snakes  |       |    12 ||    12
  Use: Potion            |       |     2 ||     2
 Stab: Sleeping          |       |     2 ||     2
  Eat: Chunk             |     2 |     5 ||     7
Armor: Skin              |    41 |    34 ||    75
Dodge: Dodged            |    53 |    69 ||   122

Table legend:
 A = Non-vault XP
 B = Vault XP
 C = Vault XP percentage of total XP
 D = Non-vault monster count
 E = Vault monster count
 F = Vault count percentage of total count
                 A         B        C        D         E       F
            +---------+---------+-------+---------+---------+-------
      Total |     343 |      36 |   9.5 |      57 |       1 |   1.7
            +---------+---------+-------+---------+---------+-------
        D:1 |      38 |       0 |   0.0 |      20 |       0 |   0.0
        D:2 |     157 |      36 |  18.7 |      29 |       1 |   3.3
        D:3 |     148 |       0 |   0.0 |       8 |       0 |   0.0
            +---------+---------+-------+---------+---------+-------
